AoeStats
← #Tsch

African Clearing

510382051Analyzed
4v4 RM · 1d ago on Sep 30, 2026· 44m 26s· 8 players
Game mode
Random Map
Map size
Large (8 player)
Population
200
Speed
Normal
Resources
Standard
Victory
Conquest
Starting age
Dark Age
Ending age
Imperial Age
RankedLock teamsTeams togetherTeam positionsShared explorationLock speedFull tech treeHidden civsTurbo modeCheats
Victory
Defeat
🇩🇪 Saxons · Germany
1075
+16
🇨🇦 Franks · Canada
1051
+17
🇩🇪 Huns · Germany
1044
+17
🇩🇪 Mongols · Germany
1039
+17
🇦🇷 Magyars · Argentina
1094
-17
1084
-17
🇧🇷 Teutons · Brazil
1066
-17
🇧🇷 Japanese · Brazil
1040
-16
Touseef
5:25 Loom
18:56 Feudal Age
22:54 Castle Age
21:34 Double-Bit Axe
24:28 Husbandry
24:26 Pikeman
27:39 Wheelbarrow
28:15 Scale Barding Armor
30:59 Hand Cart
31:13 Bow Saw
34:30 Stone Mining
34:30 Gold Mining
37:19 Imperial Age
37:43 Fortified Wall
37:29 Murder Holes
37:15 Treadmill Crane
38:29 Cavalier
39:55 Gold Shaft Mining
41:16 Forging
41:27 Chain Barding Armor
42:59 Fletching
43:10 Scale Mail Armor
44:52 Chemistry
44:12 Ballistics
43:27 Paladin
monkeyfromibiza
5:28 Loom
16:03 Feudal Age
17:24 Wheelbarrow
16:34 Town Watch
16:39 Double-Bit Axe
16:47 Gold Mining
16:56 Horse Collar
17:41 Man-at-Arms
22:58 Arson
23:15 Scale Mail Armor
23:26 Forging
27:05 Castle Age
26:53 Stone Mining
27:41 Forging
29:21 Gold Shaft Mining
39:33 Heavy Plow
40:37 Bow Saw
40:59 Long Swordsman
41:40 Squires
41:26 Gambesons
44:04 Hand Cart
#Tsch
8:26 Loom
13:11 Feudal Age
14:14 Double-Bit Axe
14:15 Horse Collar
14:58 Bloodlines
15:15 Scale Barding Armor
18:21 Forging
23:10 Castle Age
24:43 Fletching
29:13 Padded Archer Armor
30:01 Ballistics
30:06 Bodkin Arrow
33:50 Guard Tower
34:18 Leather Archer Armor
35:07 Masonry
41:42 Imperial Age
38:59 Town Watch
40:14 Wheelbarrow
41:55 Bow Saw
41:52 Gold Mining
43:18 Conscription
TobsusMaximus
4:27 Loom
15:25 Feudal Age
15:27 Man-at-Arms
19:59 Castle Age
17:58 Double-Bit Axe
24:00 Horse Collar
29:37 Bloodlines
30:26 Forging
31:05 Scale Barding Armor
32:29 Wheelbarrow
37:01 Imperial Age
35:24 Husbandry
35:46 Chain Barding Armor
36:42 Iron Casting
37:10 Cavalier
37:46 Town Watch
38:17 Hand Cart
41:31 Plate Barding Armor
45:04 Conscription
44:47 Marauders
The Viper (Minus quick walls)
9:16 Loom
9:22 Loom
13:48 Feudal Age
15:55 Double-Bit Axe
18:49 Forging
19:41 Wheelbarrow
20:08 Scale Barding Armor
24:47 Castle Age
23:23 Horse Collar
24:25 Gold Mining
28:30 Bloodlines
28:21 Husbandry
34:40 Chain Barding Armor
37:17 Iron Casting
38:10 Heavy Plow
Six
6:43 Loom
14:09 Feudal Age
19:50 Castle Age
28:35 Double-Bit Axe
31:53 Town Watch
32:47 Horse Collar
34:17 Heavy Plow
34:30 Bow Saw
36:00 Gold Mining
36:00 Stone Mining
36:15 Yasama
39:54 Imperial Age
38:03 Forging
37:54 Scale Mail Armor
37:58 Fletching
39:34 Iron Casting
39:50 Gold Shaft Mining
40:09 Guard Tower
40:40 Ballistics
40:01 Treadmill Crane
40:44 Ballistics
40:20 Murder Holes
40:35 Masonry
41:37 Chemistry
40:24 Arrowslits
40:46 Siege Engineers
40:39 Bodkin Arrow
41:00 Chain Mail Armor
41:19 Elite Samurai
42:22 Conscription
43:20 Keep
43:48 Blast Furnace
43:18 Plate Mail Armor
Galluzzi
3:26 Loom
14:13 Feudal Age
14:44 Town Watch
14:41 Horse Collar
14:50 Double-Bit Axe
17:31 Wheelbarrow
24:26 Castle Age
23:19 Arson
24:35 Pikeman
25:47 Gold Mining
27:25 Bow Saw
32:18 Forging
32:13 Scale Barding Armor
34:17 Bloodlines
34:47 Stone Mining
35:26 Scale Mail Armor
36:04 Iron Casting
36:42 Squires
37:16 Chain Mail Armor
40:35 Ironclad
42:50 Imperial Age
MatiSitoula
11:46 Loom
13:32 Feudal Age
15:21 Double-Bit Axe
17:01 Town Watch
20:32 Fletching
22:29 Horse Collar
25:43 Castle Age
25:01 Gold Mining
25:59 Scale Barding Armor
25:55 Crossbowman
25:56 Elite Skirmisher
27:42 Bodkin Arrow
29:34 Husbandry
30:44 Padded Archer Armor
33:05 Ballistics
33:50 Wheelbarrow
42:49 Imperial Age
40:54 Leather Archer Armor
41:11 Hand Cart
43:36 Bloodlines
43:36 Thumb Ring
Connection lost

Rejoining the realm…

Still unreachable

The connection could not be restored.

Session expired

The server has moved on; the page needs a fresh start.